 Dungeon Crawl Stone Soup version 0.18-a0-1292-ge8ad84c (webtiles) character file.

135 Duffy the Conjurer (level 4, -12/24 HPs)
             Began as a Deep Elf Fire Elementalist on Feb 9, 2016.
             Splashed by an orc's acid (16 damage)
             ... on level 3 of the Dungeon.
             The game lasted 00:02:59 (2109 turns).

Duffy the Conjurer (Deep Elf Fire Elementalist)     Turns: 2109, Time: 00:02:59

Health: -12/24     AC:  7    Str:  5    XL:     4   Next: 97%
Magic:  9/10       EV: 13    Int: 21    God:
Gold:   83         SH:  0    Dex: 15    Spells: 3 memorised, 1 level left

rFire  . . .     SeeInvis .     q - +0 flail (protect)
rCold  . . .     Gourm    .     a - +0 robe
rNeg   . . .     Faith    .     (no shield)
rPois  .         Spirit   .     (no helmet)
rElec  .         Dismiss  .     (no cloak)
rCorr  .         Reflect  .     (no gloves)
SustAt .         Harm     .     (no boots)
MR     .....                    n - amulet of magic regeneration
Stlth  ++........               (no ring)
                                (no ring)

@: not resistant to hostile enchantments, unstealthy
A: no striking features
a: no special abilities


You were on level 3 of the Dungeon.
You were not hungry.

You visited 1 branch of the dungeon, and saw 3 of its levels.

You collected 83 gold pieces.


   Skills:
 - Level 2.4 Dodging
 - Level 2.4 Stealth
 + Level 3.0 Spellcasting
 * Level 4.5 Conjurations
 * Level 4.3 Fire Magic


You had one spell level left.
You knew the following spells:

 Your Spells              Type           Power        Failure   Level  Hunger
a - Flame Tongue          Conj/Fire      ###..        1%          1    None
j - Sticky Flame          Conj/Fire      ###.....     24%         4    ####...
l - Conjure Flame         Conj/Fire      ###.....     10%         3    ###....

Inventory:

Hand Weapons
 q - a +0 flail of protection (weapon)
Missiles
 f - 7 poisoned needles
Armour
 a - a +0 robe (worn)
Jewellery
 n - an amulet of magic regeneration (around neck)
Wands
 v - a wand of random effects (20/48)
Scrolls
 d - 2 scrolls of remove curse {unknown}
 e - 2 scrolls of teleportation {unknown}
 j - a scroll of enchant weapon {unknown}
 l - a scroll of amnesia {unknown}
 m - a scroll of noise {unknown}
 r - 2 scrolls of magic mapping {unknown}
Potions
 g - a potion of lignification {unknown}
 h - a potion of flight {unknown}
 k - 3 potions of invisibility {unknown}
 o - 2 potions of might {unknown}
 p - a potion of haste {unknown}
 s - a potion of curing {unknown}
 u - a potion of agility {unknown}
Books
 b - a book of Flames
Comestibles
 c - 2 bread rations
 i - 2 fruits
 t - 2 chunks of flesh

Dungeon Overview and Level Annotations

Branches:
Dungeon (3/15)

Altars:


Message History

You kill the giant newt!
Cast which spell? (? or * to list)
You can't see any susceptible monsters within range! (Use Z to cast anyway.) Cast which spell? (? or * to list)
You can't see any susceptible monsters within range! (Use Z to cast anyway.)
Found a stone staircase leading down.
v - a wand of random effects You now have 83 gold pieces (gained 6).
You open the door.
There is an open door here.
A goblin comes into view.
Cast which spell? (? or * to list)
Aiming: Flame Tongue
Press: ? - help, Shift-Dir - straight line, f - goblin
Aim: a goblin (resting)
The flame tongue hits the goblin.
You kill the goblin!
Cast which spell? (? or * to list)
You can't see any susceptible monsters within range! (Use Z to cast anyway.) Cast which spell? (? or * to list)
You can't see any susceptible monsters within range! (Use Z to cast anyway.)
An orc comes into view. It is wielding a club.
An orc is nearby!
Cast which spell? (? or * to list)
Aiming: Flame Tongue
Press: ? - help, Shift-Dir - straight line, f - orc
Aim: an orc, wielding a club and wearing a scale mail (hasn't noticed you)
The flame tongue hits the orc.
The orc is moderately wounded.
The orc shouts!
The orc zaps a wand.
The bolt of acid hits you!
Ouch! That really hurt!
The acid burns!
Ouch! That really hurt!
You die...

########## ##........#
##..######.# ##.#.## #.#
##.##..#####.#
#.##.........########
##.#....###.....o...####
##...#.# #..@..........
##..#.###.........#
#.........##...###
##.###########.## #..#
#.# #.## #.# ###
#.######### ##'## ..#
#.##......###...## ##.#
#.##.####.##.....##


You could see an orc.

Action                   |  1- 3 |  4- 6 || total
-------------------------+-------+-------++-------
 Cast: Flame Tongue      |    70 |    28 ||    98
  Eat: Chunk             |     1 |     2 ||     3

Notes
Turn   | Place    | Note
--------------------------------------------------------------
     0 | D:1      | Duffy the Deep Elf Fire Elementalist began the quest for the Orb.
     0 | D:1      | Reached XP level 1. HP: 10/10 MP: 6/6
    71 | D:1      | Reached skill level 2 in Conjurations
    97 | D:1      | Reached XP level 2. HP: 15/15 MP: 4/8
   203 | D:3      | Reached skill level 3 in Conjurations
   421 | D:1      | Reached XP level 3. HP: 8/19 MP: 0/9
   515 | D:1      | Learned a level 3 spell: Conjure Flame
  1427 | D:2      | Noticed Ijyb
  1433 | D:2      | Killed Ijyb
  1433 | D:2      | Reached skill level 4 in Fire Magic
  1433 | D:2      | Reached XP level 4. HP: 24/24 MP: 5/10
  1453 | D:2      | Learned a level 4 spell: Sticky Flame
  1462 | D:2      | Reached skill level 4 in Conjurations
  2109 | D:3      | Splashed by an orc's acid

Vault maps used:
D:1:      moated_graveyard_arrival, minmay_misc_feat_encased
D:2:      uniq_iyjb
D:3:      uniq_robin

Vanquished Creatures
  Ijyb
  2 adders
  3 gnolls
  2 oozes
  2 giant geckos
  A giant cockroach
  7 goblins
  5 hobgoblins
  6 jackals
  6 kobolds
  7 bats
  3 giant newts
  7 rats
52 creatures vanquished.
